 Dungeon Crawl Stone Soup version 0.31.0-32-g396128a36d (webtiles) character file.

Game seed: 3074861335793328916

67 spaghetti the Trooper (level 4, -5/45 HPs)
             Began as a Naga Chaos Knight on Mar 8, 2024.
             Was a Plaything of Xom.
             Killed by divine providence
             ... invoked by an orc priest
              (16 damage)
             ... on level 3 of the Dungeon.
             The game lasted 00:02:30 (1803 turns).

spaghetti the Trooper (Naga Chaos Knight)           Turns: 1803, Time: 00:02:31

Health: -5/45      AC:  6    Str: 13    XL:     4   Next: 18%
Magic:  4/4        EV:  9    Int: 18    God:    Xom [......]
Gold:   156        SH:  0    Dex: 10    Spells: 3/3 levels left

rFire   . . .        g - +3 eveningstar (holy)
rCold   . . .        (no shield)
rNeg    . . .        b - +3 leather armour
rPois   +            (no helmet)
rElec   .            (no cloak)
rCorr   .            (no gloves)
SInv    +            (no barding)
Will    .....        (no amulet)
Stlth   +            (no ring)
HPRegen 0.27/turn    (no ring)
MPRegen 0.09/turn

%: clarity
@: short of breath, weak-willed, weakened, fragile (+50% incoming damage),
hasted, quick
A: AC +1, large, see invisible, deformed body, poison resistance, slowness 2,
spit poison 1, naga tail 1, clarity, clever 1, strong-willed 1
a: Spit Poison, Renounce Religion


You were on level 3 of the Dungeon.
You worshipped Xom.
You were a very special plaything of Xom.
You visited 1 branch of the dungeon, and saw 3 of its levels.

You collected 156 gold pieces.

Inventory:

Hand Weapons
 a - a +0 mace of chaos
 g - a +3 eveningstar of holy wrath (weapon)
Armour
 b - a +3 leather armour (worn)
Jewellery
 n - a ring of protection from fire
Scrolls
 c - a scroll of butterflies
 e - 2 scrolls of poison
 f - 2 scrolls of vulnerability
 h - 2 scrolls of amnesia
 i - 3 scrolls of teleportation
 k - a scroll of revelation
 l - a scroll of noise


   Skills:
 - Level 4.4 Fighting
 + Level 3.6 Maces & Flails
 - Level 1.5 Armour
 - Level 0.7 Dodging


You had 3 spell levels left.
You didn't know any spells.
Your spell library was empty.

Dungeon Overview and Level Annotations

Branches:
Dungeon (3/15)

Altars:
Qazlal

Annotations:
D:2 1 runed translucent door, Crazy Yiuf


Innate Abilities, Weirdness & Mutations

Your serpentine skin is tough. (AC +1)
You have supernaturally acute eyesight. (SInv)
Armour fits poorly on your strangely shaped body.
Your system is resistant to poisons. (rPois)
You cover ground very slowly.
You can spit poison.
You have a snake-like lower body.
You possess an exceptional clarity of mind.
Your mind is acute. (Int +4, Str/Dex -1)
You are strong-willed. (Will+)


Message History

The orc wizard hits you with a +0 dagger.
You are engulfed in seething chaos.
The orc wizard hits you with a +0 dagger.
You are engulfed in seething chaos.
You feel as though your hastened speed will last longer.
The orc priest begins to cast a cantrip, but forgets the words!
The orc wizard hits you but does no damage.
You are engulfed in seething chaos.
You feel your attacks grow feeble.
The orc priest calls down the wrath of Beogh upon you.
Beogh smites you!
The orc wizard gestures at you while chanting.
The puff of flame hits you.
You are engulfed in seething chaos.
The orc priest invokes the aid of Beogh against you.
Beogh smites you!
* * * LOW HITPOINT WARNING * * *
The orc wizard hits you with a +0 dagger.
* * * LOW HITPOINT WARNING * * *
You are engulfed in seething chaos.
Your willpower is stripped away!
The orc wizard hits you but does no damage.
You are engulfed in seething chaos.
Your body becomes as fragile as glass!
The orc wizard hits you but does no damage.
You turn to flesh and can move again.
Unknown command.
Unknown command.
Unknown command.
Unknown command.
Unknown command.
Unknown command.
Aiming: Spit Poison (1% risk of failure)
Press: ? - help, Shift-Dir - straight line, f - orc wizard
Aim: an orc wizard, wielding a +0 dagger and wearing a +0 robe (50% to hit)
The splash of poison hits the orc wizard!
The orc wizard is severely wounded.
You are engulfed in seething chaos.
The orc priest mumbles some strange prayers to Beogh against you.
Beogh smites you!
You die...
Xom howls with laughter!

###....# ##......#
#....####### #
#.......#..
#.####.#.....#.#
#.#.[........#.#
#..........#...#
#.....##.#.#.[#########
#..........#....@ooo..#
#.....##.#.##.######...#
#.#......#.##.# .
#...####.##.# #...#
#.#... ##..# #.##.#
#.##..####.#### ###
#..........# #..
####..##..## #.. .


You could see an orc priest, an orc wizard and an orc.

Vanquished Creatures
  3 adders (D:2)
  3 dart slugs
  An orc (D:3)
  2 ball pythons
  4 bats
  6 endoplasms
  2 giant cockroaches (D:1)
  4 hobgoblins
  2 kobolds
  A quokka (D:2)
  3 frilled lizards
  2 rats (D:1)
33 creatures vanquished.

Notes
Turn   | Place    | Note
-------+----------+-------------------------------------------
     0 | D:1      | spaghetti the Naga Chaos Knight began the quest for the
                  | Orb.
     0 | D:1      | Reached XP level 1. HP: 21/21 MP: 1/1
    77 | D:1      | You fall into a shaft and drop 1 floor!
    89 | D:2      | Reached XP level 2. HP: 30/30 MP: 2/2
   103 | D:2      | Found a runed translucent door.
   104 | D:2      | Noticed Crazy Yiuf
   371 | D:2      | Reached skill level 4 in Fighting
   371 | D:2      | Reached XP level 3. HP: 32/36 MP: 3/3
   647 | D:1      | Identified a scroll of acquirement
   720 | D:1      | Acquired a +3 eveningstar of holy wrath
  1267 | D:2      | Reached XP level 4. HP: 44/45 MP: 4/4
  1469 | D:2      | XOM: noise
  1478 | D:2      | XOM: god gift: scroll labelled MINE TOGOQEHA {god gift}
  1710 | D:3      | Found a stormy altar of Qazlal.
  1718 | D:3      | XOM: summons 1 hostile demon
  1789 | D:3      | Gained mutation: Your mind is acute. (Int +4, Str/Dex -1)
                  | [potion of mutation]
  1789 | D:3      | Gained mutation: You possess an exceptional clarity of
                  | mind. [potion of mutation]
  1789 | D:3      | Gained mutation: You are strong-willed. (Will+) [potion of
                  | mutation]
  1789 | D:3      | XOM: chaos cloud
  1803 | D:3      | Killed from afar by an orc priest

Illustrated notes

Levels and vault maps discovered:
D:1:      heliophobic_arrival_henge, layout_loops_ring, roderic_st_hans_cross,
          nicolae_titane
D:2:      layout_loops_corners, uniq_crazy_yiuf_cottage
D:3:      layout_loops_ring, mainiacjoe_overflow_brackets, uniq_grinder

Skill      XL: |  1  2 |
---------------+-------+-----
Fighting       | 4 |  4.4
Maces & Flails | |  3.6
Armour         | |  1.5
Dodging        | |  0.7

Action                     |  1- 3 |  4- 6 || total
---------------------------+-------+-------++-------
  Melee: Mace              |    52 |       ||    52
         Eveningstar       |    21 |    32 ||    53
Ability: Spit Poison       |       |     1 ||     1
    Use: Scroll            |     4 |     5 ||     9
         Potion            |       |     2 ||     2
 Armour: Leather armour    |    48 |    49 ||    97
  Dodge: Dodged            |    44 |    14 ||    58
